 Dungeon Crawl Stone Soup version 0.26-a0-812-g31a745ddcd (console) character file.

Game seed: 7926238496562451989

25033 Ignak the Thaumaturge (level 13, -5/98 HPs)
             Began as a Gnoll Hedge Wizard on Nov 13, 2020.
             Was a Priest of Sif Muna.
             Killed from afar by a shock serpent (22 damage)
             ... with a bolt of electricity
             ... on level 2 of the Orcish Mines.
             The game lasted 01:03:28 (19051 turns).

Ignak the Thaumaturge (Gnoll Hedge Wizard)         Turns: 19051, Time: 01:03:28

Health: -5/98      AC: 21    Str: 12    XL:     13   Next: 17%
Magic:  15/27      EV: 18    Int: 22    God:    Sif Muna [***...]
Gold:   885        SH:  0    Dex: 15    Spells: 14/33 levels left

rFire    . . .     SeeInvis .   R - +7 war axe
rCold    . . .     Faith    .   (no shield)
rNeg     . . .     Spirit   .   K - +2 troll leather armour
rPois    .         Reflect  .   n - +2 helmet
rElec    .         Harm     .   D - +1 cloak
rCorr    .         Rampage  .   L - +0 pair of gloves
MR       .....                  g - +2 pair of boots
Stlth    ++++......             m - amulet of the acrobat
HPRegen  0.66/turn              B - +4 ring of protection
MPRegen  0.20/turn              (no ring)

@: lightly drained
A: distributed training, fangs 1, strong nose
a: Channel Magic, Forget Spell, Renounce Religion


You were on level 2 of the Orcish Mines.
You worshipped Sif Muna.
Sif Muna was most pleased with you.
You visited 3 branches of the dungeon, and saw 15 of its levels.
You also visited: Sewer and Volcano.

You collected 1560 gold pieces.
You spent 675 gold pieces at shops.

Inventory:

Hand Weapons
 E - a +2 great mace of flaming
 J - a +1 trident of freezing
 R - a +7 war axe (weapon)
Missiles
 s - 37 poisoned darts (quivered)
Armour
 c - a +2 leather armour of fire resistance
 g - a +2 pair of boots (worn)
 n - a +2 helmet (worn)
 o - +0 acid dragon scales
 r - a +0 kite shield
 D - a +1 cloak (worn)
 F - a +1 hat of see invisible
 K - a +2 troll leather armour (worn)
 L - a +0 pair of gloves (worn)
Jewellery
 b - an uncursed ring of poison resistance
 m - an amulet of the acrobat (around neck)
 A - an uncursed ring of protection from magic
 B - a +4 ring of protection (left hand)
 G - a +6 ring of intelligence
 O - an uncursed ring of teleportation
Wands
 a - a wand of acid (6)
 f - a wand of flame (64)
 v - a wand of random effects (20)
 z - a wand of disintegration (17)
 H - a wand of digging (7)
 I - a wand of polymorph (7)
 Q - a wand of iceblast (15)
Scrolls
 j - a scroll of teleportation
 k - 2 scrolls of amnesia
 w - a scroll of remove curse
 x - 2 scrolls of fear
 y - a scroll of vulnerability
Potions
 d - 2 potions of cancellation
 e - 4 potions of curing
 h - a potion of invisibility
 i - 3 potions of lignification
 l - 4 potions of flight
 q - a potion of degeneration
 t - 2 potions of brilliance
 u - a potion of berserk rage


   Skills:
 + Level 8.0 Fighting
 + Level 8.0 Short Blades
 + Level 8.0 Long Blades
 + Level 8.0 Axes
 + Level 8.0 Maces & Flails
 + Level 8.0 Polearms
 + Level 8.0 Staves
 + Level 8.0 Slings
 + Level 8.0 Bows
 + Level 8.0 Crossbows
 + Level 8.0 Throwing
 + Level 8.0 Armour
 + Level 9.3 Dodging
 + Level 9.1 Stealth
 + Level 8.0 Shields
 + Level 8.0 Unarmed Combat
 + Level 10.7(10.6) Spellcasting
 + Level 7.1(7.0) Conjurations
 + Level 6.7(6.6) Hexes
 + Level 7.1(7.0) Summonings
 + Level 6.7(6.6) Necromancy
 + Level 7.1(7.0) Translocations
 + Level 6.7(6.6) Transmutations
 + Level 6.7(6.6) Fire Magic
 + Level 6.7(6.6) Ice Magic
 + Level 6.7(6.6) Air Magic
 + Level 6.7(6.6) Earth Magic
 + Level 6.7(6.6) Poison Magic
 + Level 8.8 Invocations
 + Level 8.0 Evocations


You had 14 spell levels left.
You knew the following spells:

 Your Spells              Type           Power        Failure   Level
a - Searing Ray           Conj           #####.       1%          2
b - Blink                 Tloc           N/A          1%          2
c - Magic Dart            Conj           ####         1%          1
d - Mephitic Cloud        Conj/Pois/Air  #####...     1%          3
e - Call Imp              Summ           #####...     1%          2
f - Fireball              Conj/Fire      #####.....   12%         5
q - Sticky Flame          Conj/Fire      #####...     4%          4

Your spell library contained the following spells:

 Spells                   Type           Power        Failure   Level
 Foxfire                  Conj/Fire      ####         1%          1
 Slow                     Hex            #####...     1%          2
 Conjure Flame            Conj/Fire      #####...     1%          3
 Dazzling Flash           Conj/Hex       #####.       1%          3
 Ignite Poison            Fire/Tmut/Pois #####...     1%          3
 Inner Flame              Hex/Fire       #####...     1%          3
 Iskenderun's Mystic Bla  Conj/Tloc      #####...     3%          4
 Fulminant Prism          Conj/Hex       #####.....   4%          4
 Orb of Destruction       Conj           #####.....   97%         7


Dungeon Overview and Level Annotations

Branches:
Dungeon (12/15)            Temple (1/1) D:7            Lair (0/6) D:9
    Orc (2/2) D:10            Elf (0/3) Orc:2         Sewer (visited)
Volcano (visited)

Altars:
Cheibriados
Dithmenos
Elyvilon
Fedhas
Gozag
Kikubaaqudgha
Nemelex Xobeh
Qazlal
Ru
Sif Muna
Trog
Uskayaw
Vehumet
Wu Jian
Yredelemnul
Zin
The Shining One

Shops:
D:5 :   D:6 (   D:11 }!

Annotations:
D:12 Nergalle


Innate Abilities, Weirdness & Mutations

Your experience applies equally to all skills.
You have very sharp teeth.
Your uncanny sense of smell can sniff out nearby items.


Message History

The bolt of electricity hits you!
The shock serpent completely misses you.
The searing ray hits the shock serpent!
The shock serpent is heavily wounded.
The shock serpent's electric aura discharges, shocking you!
The shock serpent closely misses you.
The searing ray hits the shock serpent.
The shock serpent is heavily wounded.
You finish channeling your searing ray.
The shock serpent bites you! The shock serpent shocks you!
* * * LOW HITPOINT WARNING * * *
The shock serpent shoots out a bolt of lightning at you!
The bolt of electricity hits you!
* * * LOW HITPOINT WARNING * * *
Casting: Searing Ray (safe; 1% risk of failure)
Confirm with . or Enter, or press ? or * to list all spells.
You blink.
The shock serpent shoots out a bolt of lightning at you!
The bolt of electricity hits you!!
You die...

....## ###[#...3.[.))[.)........,
)....######[[.[.....).#.#.......,
.....#...[)[o.#...#.############,
.....#..[....)####### *,,,
..........##.#)## *,,,
..).......#####)## ******* *,,,
.......[..## ##.# *,,,,,* *,,,
...........# #.# *,,,,,***,,,
...........# #@# *,,,,,,,,,,,
#.##.......## #S# *,,,,,,,,,,,
...#........# #ยง# ****,,,,,,,,
#.##.......## #.# *,,***,,,
...........# #.# *,,* *,,,
.........### #.# *,,* *,,,
.........#.## #.# *,,* *,,,
............# #.# *,,* *,,,
.......#.#.## #.# *,,* *,,,


You could see a shock serpent.

Vanquished Creatures
  Gastronok (D:8)
  Harold (D:7)
  3 two-headed ogres
  5 orc high priests (Orc:2)
  2 lindwurms (Volcano)
  2 orc knights (Orc:2)
  4 orc sorcerers (Orc:2)
  A cyclops (D:11)
  Maurice (D:7)
  An elephant (D:9)
  A toenail golem (Volcano)
  3 molten gargoyles (Volcano)
  A centaur zombie (D:12)
  A gargoyle (D:10)
  Maggie (D:9)
  2 efreet (Volcano)
  A troll (Orc:2)
  A blink frog (D:12)
  Prince Ribbit (D:7)
  A wraith (D:11)
  2 wyverns
  2 basilisks (D:9)
  A yak (D:9)
  5 fire elementals (Volcano)
  3 wargs (Orc:2)
  2 hell hounds (Orc:2)
  A water moccasin (Sewer)
  31 orc warriors
  A hornet zombie (D:9)
  An ice beast (D:8)
  4 phantoms
  7 ogres
  3 sky beasts
  A black bear (D:8)
  A necrophage (D:10)
  3 centaurs
  5 bullfrogs
  2 earth elementals (Volcano)
  A water moccasin zombie (D:7)
  5 scorpions
  4 killer bees
  3 wights (D:9)
  3 howler monkeys (D:8)
  A bullfrog zombie (D:3)
  5 jellies
  20 orc priests
  6 hounds
  A centaur skeleton (D:7)
  28 orc wizards
  A bullfrog skeleton (D:9)
  Jessica (D:2)
  2 iguanas
  7 worker ants
  2 hound skeletons
  A hound zombie (D:7)
  2 worker ant zombies
  12 adders
  2 howler monkey skeletons (D:8)
  3 shadow imps
  3 white imps
  An ooze (D:5)
  2 adder skeletons
  5 worms
  3 dart slugs
  2 leopard geckos
  66 orcs
  4 giant cockroaches
  8 goblins
  3 hobgoblins
  4 jackals
  3 quokkas
  8 bats
  9 frilled lizards
  A jackal skeleton (D:5)
  5 kobolds
  A leopard gecko skeleton (D:8)
  A quokka zombie (D:6)
  11 rats
  3 fire vortices (Volcano)
362 creatures vanquished.

Vanquished Creatures (collateral kills)
  A hound (D:5)
  3 orc wizards
  Crazy Yiuf (D:2)
  A jelly (D:5)
  A worker ant (D:5)
  3 gnolls (D:2)
  2 adders (D:5)
  An ooze (D:1)
  A worm (D:2)
  5 orcs
  2 bats (D:1)
  A giant cockroach (D:4)
  A goblin (D:2)
  2 hobgoblins
  A jackal (Sewer)
  A kobold (Sewer)
  A ball python (D:4)
  A frilled lizard (D:2)
  2 rats
31 creatures vanquished.

Vanquished Creatures (others)
  2 orc priests (D:4)
  3 fungi (D:9)
  5 plants
10 creatures vanquished.

Grand Total: 403 creatures vanquished

Notes
Turn   | Place    | Note
-------+----------+-------------------------------------------
     0 | D:1      | Ignak the Gnoll Hedge Wizard began the quest for the Orb.
     0 | D:1      | Reached XP level 1. HP: 13/13 MP: 8/8
   120 | D:1      | Reached XP level 2. HP: 17/19 MP: 0/10
   276 | D:1      | Learned a level 2 spell: Blink
   279 | D:1      | Learned a level 2 spell: Call Imp
   775 | D:1      | Reached XP level 3. HP: 25/25 MP: 5/11
  1031 | D:2      | Found a stormy altar of Qazlal.
  1048 | D:2      | Reached skill level 1 in Invocations
  1420 | D:2      | HP: 1/25 [gnoll/+0 flail (3)]
  1886 | D:1      | Learned a level 3 spell: Mephitic Cloud
  2004 | D:2      | Found a hide-covered altar of Uskayaw.
  2004 | D:2      | Noticed a +0 hand axe
  2005 | D:2      | Noticed a +0 dagger
  2136 | D:2      | Reached skill level 1 in Fighting
  2136 | D:2      | Reached skill level 1 in Short Blades
  2136 | D:2      | Reached skill level 1 in Long Blades
  2136 | D:2      | Reached skill level 1 in Axes
  2136 | D:2      | Reached skill level 1 in Maces & Flails
  2136 | D:2      | Reached skill level 1 in Polearms
  2136 | D:2      | Reached skill level 1 in Staves
  2136 | D:2      | Reached skill level 1 in Slings
  2136 | D:2      | Reached skill level 1 in Bows
  2136 | D:2      | Reached skill level 1 in Crossbows
  2136 | D:2      | Reached skill level 1 in Throwing
  2136 | D:2      | Reached skill level 1 in Armour
  2136 | D:2      | Reached skill level 1 in Shields
  2136 | D:2      | Reached skill level 1 in Unarmed Combat
  2136 | D:2      | Reached skill level 1 in Evocations
  2143 | D:2      | Reached XP level 4. HP: 32/32 MP: 7/13
  2379 | D:2      | Noticed Jessica
  2382 | D:2      | Killed Jessica
  2382 | D:2      | Reached skill level 1 in Hexes
  2382 | D:2      | Reached skill level 1 in Necromancy
  2382 | D:2      | Reached skill level 1 in Transmutations
  2382 | D:2      | Reached skill level 1 in Fire Magic
  2382 | D:2      | Reached skill level 1 in Ice Magic
  2382 | D:2      | Reached skill level 1 in Air Magic
  2382 | D:2      | Reached skill level 1 in Earth Magic
  2382 | D:2      | Reached skill level 1 in Poison Magic
  2555 | D:2      | Found a runed translucent door.
  2556 | D:2      | Noticed Crazy Yiuf
  2582 | D:2      | Killed Crazy Yiuf
  2582 | D:2      | Reached XP level 5. HP: 32/37 MP: 5/14
  2831 | D:3      | Found a blossoming altar of Fedhas.
  2987 | D:3      | Found a sacrificial altar of Ru.
  3161 | D:3      | Found a radiant altar of Vehumet.
  3508 | D:4      | Found a glowing drain.
  3517 | Sewer    | Entered a sewer
  3828 | Sewer    | Noticed a water moccasin
  3855 | Sewer    | Killed a water moccasin
  3855 | Sewer    | Reached XP level 6. HP: 14/44 MP: 5/16
  4310 | D:4      | Reached skill level 5 in Dodging
  4558 | D:4      | Noticed an orc warrior
  4577 | D:4      | Killed an orc warrior
  4577 | D:4      | Reached XP level 7. HP: 39/50 MP: 12/18
  4924 | D:5      | Entered Level 5 of the Dungeon
  5009 | D:4      | Noticed a glowing shapeshifter
  5009 | D:4      | an orc changed into a glowing shapeshifter
  5009 | D:4      | Noticed a cyclops
  5009 | D:4      | a glowing shapeshifter changed into a cyclops
  5012 | D:4      | Noticed a death drake
  5012 | D:4      | a cyclops changed into a death drake
  5013 | D:4      | Noticed a jumping spider
  5013 | D:4      | a death drake changed into a jumping spider
  5165 | D:4      | Noticed a merfolk
  5167 | D:4      | Noticed a swamp dragon
  5167 | D:4      | a merfolk changed into a swamp dragon
  5314 | D:4      | Noticed a rime drake
  5710 | D:5      | Reached skill level 5 in Stealth
  5769 | D:5      | Found an ancient bone altar of Kikubaaqudgha.
  5979 | D:5      | Reached XP level 8. HP: 55/57 MP: 19/19
  6001 | D:5      | Found an ornate altar of the Wu Jian Council.
  6019 | D:5      | Found Ibraegisock's Book Emporium.
  6994 | D:6      | Reached skill level 8 in Spellcasting
  7158 | D:6      | Found a glowing silver altar of Zin.
  7297 | D:6      | Found Eshreununa's Antique Weapon Boutique.
  7854 | D:7      | Found a white marble altar of Elyvilon.
  7863 | D:7      | Identified the Incunabulum of Venom and Conjuration
  7868 | D:7      | Learned a level 2 spell: Searing Ray
  7934 | D:7      | Found a staircase to the Ecumenical Temple.
  8139 | D:7      | Reached XP level 9. HP: 65/65 MP: 18/21
  8457 | D:7      | Noticed Prince Ribbit
  8471 | D:7      | Killed Prince Ribbit
  8965 | D:8      | Noticed Maurice
  9138 | D:8      | Noticed Harold
  9139 | D:8      | Found a snail-covered altar of Cheibriados.
  9451 | D:7      | Killed Harold
  9451 | D:7      | Reached skill level 5 in Invocations
  9451 | D:7      | Reached XP level 10. HP: 17/73 MP: 1/22
  9751 | D:7      | Killed Maurice
  9751 | D:7      | Reached skill level 5 in Fighting
  9751 | D:7      | Reached skill level 5 in Short Blades
  9751 | D:7      | Reached skill level 5 in Long Blades
  9751 | D:7      | Reached skill level 5 in Axes
  9751 | D:7      | Reached skill level 5 in Maces & Flails
  9751 | D:7      | Reached skill level 5 in Polearms
  9751 | D:7      | Reached skill level 5 in Staves
  9751 | D:7      | Reached skill level 5 in Slings
  9751 | D:7      | Reached skill level 5 in Bows
  9751 | D:7      | Reached skill level 5 in Crossbows
  9751 | D:7      | Reached skill level 5 in Throwing
  9751 | D:7      | Reached skill level 5 in Armour
  9751 | D:7      | Reached skill level 5 in Shields
  9751 | D:7      | Reached skill level 5 in Unarmed Combat
  9751 | D:7      | Reached skill level 5 in Evocations
 10217 | D:8      | Noticed Gastronok
 10259 | D:8      | Killed Gastronok
 10259 | D:8      | Reached skill level 9 in Spellcasting
 10259 | D:8      | Reached skill level 5 in Conjurations
 10259 | D:8      | Reached skill level 5 in Summonings
 10259 | D:8      | Reached skill level 5 in Translocations
 10536 | D:8      | Found a bloodstained altar of Trog.
 11316 | D:5      | Bought a book of Flames for 420 gold pieces
 11323 | D:5      | Learned a level 5 spell: Fireball
 11328 | D:5      | Learned a level 4 spell: Sticky Flame
 11648 | D:6      | Bought a glowing trident for 175 gold pieces
 11740 | D:9      | Found a sparkling altar of Nemelex Xobeh.
 11906 | D:9      | Noticed Maggie
 11922 | D:9      | Killed Maggie
 12142 | D:9      | You fall into a shaft and drop 3 floors!
 12276 | D:12     | Reached XP level 11. HP: 81/81 MP: 24/24
 12468 | D:12     | Noticed a two-headed ogre
 12487 | D:12     | Killed a two-headed ogre
 12487 | D:12     | Reached skill level 5 in Hexes
 12487 | D:12     | Reached skill level 5 in Necromancy
 12487 | D:12     | Reached skill level 5 in Transmutations
 12487 | D:12     | Reached skill level 5 in Fire Magic
 12487 | D:12     | Reached skill level 5 in Ice Magic
 12487 | D:12     | Reached skill level 5 in Air Magic
 12487 | D:12     | Reached skill level 5 in Earth Magic
 12487 | D:12     | Reached skill level 5 in Poison Magic
 12724 | D:11     | Noticed a boulder beetle
 12764 | D:12     | a boulder beetle changed into a blink frog
 12940 | D:12     | Noticed Nergalle
 13225 | D:11     | Found Uczuiboe's Gadget Shoppe.
 13226 | D:11     | Noticed a cyclops
 13247 | D:11     | Killed a cyclops
 13258 | D:11     | Found Vaneh's Distillery.
 13291 | D:11     | Bought a potion of heal wounds for 80 gold pieces
 13319 | D:10     | Entered Level 10 of the Dungeon
 13538 | D:9      | Found a staircase to the Lair.
 13625 | Temple   | Entered the Ecumenical Temple
 13640 | Temple   | Became a worshipper of Sif Muna the Loreminder
 14023 | D:9      | Noticed a two-headed ogre
 14039 | D:9      | Killed a two-headed ogre
 14947 | D:10     | Found a staircase to the Orcish Mines.
 15074 | D:10     | Noticed a two-headed ogre
 15084 | D:10     | Killed a two-headed ogre
 15684 | D:10     | Reached * piety under Sif Muna
 15859 | Orc:1    | Entered Level 1 of the Orcish Mines
 16432 | Orc:2    | Entered Level 2 of the Orcish Mines
 16466 | Orc:2    | Found a dark tunnel.
 16474 | Orc:2    | Noticed an orc high priest
 16489 | Orc:2    | Reached XP level 12. HP: 77/89 MP: 9/25
 16492 | Orc:2    | Killed an orc high priest
 16492 | Orc:2    | Reached skill level 10 in Spellcasting
 16510 | Volcano  | Entered a volcano
 17433 | Orc:2    | Reached ** piety under Sif Muna
 17683 | Orc:2    | Noticed an orc high priest
 17696 | Orc:2    | Killed an orc high priest
 17774 | Orc:2    | Noticed a sun demon
 17840 | Orc:2    | Noticed an orc high priest
 17845 | Orc:2    | Killed an orc high priest
 18154 | Orc:2    | Noticed an orc high priest
 18165 | Orc:2    | Killed an orc high priest
 18254 | Orc:2    | Reached XP level 13. HP: 98/98 MP: 16/27
 18262 | Orc:2    | Noticed an orc warlord
 18420 | Orc:2    | Reached *** piety under Sif Muna
 19036 | Orc:2    | an orc warlord changed into a shock serpent
 19051 | Orc:2    | Killed from afar by a shock serpent

Illustrated notes

Levels and vault maps discovered:
D:1:      psy_arrival_dodecagon, layout_basic
D:2:      layout_loops_cross, dancing_weapons_uskayaw, grunt_qazlal_clouds,
          uniq_jessica, uniq_crazy_yiuf_cottage
D:3:      layout_basic, lemuel_round_altar, vehumet_crystals, fedhas_altar_1,
          serial_glass, glass_columns_b, glass_columns_a, glass_columns_a,
          kennysheep_generic_room_3
D:4:      layout_loops_cross, lemuel_doored_altar, portal_sewer_entry_b,
          palyth_stone_intersect, kennysheep_cross_bottleneck,
          chequers_serial_rivers_marsh
D:5:      layout_cave_pools, kennysheep_mini_moat,
          nicolae_overflow_crystal_walls, serial_shops,
          nicolae_shop_behind_doors
D:6:      layout_basic, zin_treasury, serial_shops, shop_statue,
          minmay_crystal_room
D:7:      layout_loops_corners, nicolae_overflow_hidden_temple,
          minmay_temple_entry_mini_moons, uniq_prince_ribbit1
D:8:      layout_basic, slow_altar_1, lemuel_round_altar, minmay_door_square,
          uniq_gastronok, uniq_harold, uniq_maurice
D:9:      layout_stronghold, lemuel_crystal_altar, david_lair_generic,
          uniq_maggie
D:10:     layout_stronghold, orc_0_dummy
D:11:     layout_long_grid, serial_shops,
          nicolae_shop_temple_entry_statues_fountains, shop, shop_statue, shop
D:12:     layout_basic, uniq_fannar, uniq_nergalle
Temple:   compressed_dpeg_triangle_lava_temple
Orc:1:    layout_caves
Orc:2:    st_orc_congregation, layout_diamond_mine, enter_volcano_3

Skill      XL: |  1  2  3  4  5  6  7  8  9 10 11 12 13 |
---------------+----------------------------------------+-----
Conjurations   | 2 3 4 5 6 7 |  7.1
Summonings     | 2 3 4 5 6 7 |  7.1
Translocations | 2 3 4 5 6 7 |  7.1
Invocations    | 1 2 3 4 5 6 7 8 |  8.8
Fighting       | 1 2 3 4 5 6 7 8 |  8.0
Short Blades   | 1 2 3 4 5 6 7 8 |  8.0
Long Blades    | 1 2 3 4 5 6 7 8 |  8.0
Axes           | 1 2 3 4 5 6 7 8 |  8.0
Maces & Flails | 1 2 3 4 5 6 7 8 |  8.0
Polearms       | 1 2 3 4 5 6 7 8 |  8.0
Staves         | 1 2 3 4 5 6 7 8 |  8.0
Slings         | 1 2 3 4 5 6 7 8 |  8.0
Bows           | 1 2 3 4 5 6 7 8 |  8.0
Crossbows      | 1 2 3 4 5 6 7 8 |  8.0
Throwing       | 1 2 3 4 5 6 7 8 |  8.0
Armour         | 1 2 3 4 5 6 7 8 |  8.0
Shields        | 1 2 3 4 5 6 7 8 |  8.0
Unarmed Combat | 1 2 3 4 5 6 7 8 |  8.0
Evocations     | 1 2 3 4 5 6 7 8 |  8.0
Hexes          | 1 2 3 4 5 6 |  6.7
Necromancy     | 1 2 3 4 5 6 |  6.7
Transmutations | 1 2 3 4 5 6 |  6.7
Fire Magic     | 1 2 3 4 5 6 |  6.7
Ice Magic      | 1 2 3 4 5 6 |  6.7
Air Magic      | 1 2 3 4 5 6 |  6.7
Earth Magic    | 1 2 3 4 5 6 |  6.7
Poison Magic   | 1 2 3 4 5 6 |  6.7
Dodging        | 5 6 7 8 9 |  9.3
Stealth        | 5 6 7 8 9 |  9.1
Spellcasting   | 8 9 10 | 10.7

Action                   |  1- 3 |  4- 6 |  7- 9 | 10-12 | 13-15 || total
-------------------------+-------+-------+-------+-------+-------++-------
Melee: Dagger            |    60 |    11 |       |       |       ||    71
       Bite              |     1 |     5 |    31 |    43 |     3 ||    83
       Punch             |     1 |       |     7 |    10 |     3 ||    21
       Quarterstaff      |       |    83 |    24 |       |       ||   107
       Mace              |       |       |   297 |   103 |       ||   400
       Trident           |       |       |       |   181 |       ||   181
       War axe           |       |       |       |   139 |    33 ||   172
Throw: Dart              |       |       |     1 |     5 |       ||     6
 Cast: Magic Dart        |    13 |       |     3 |     8 |       ||    24
       Call Imp          |    18 |    17 |    34 |     8 |       ||    77
       Blink             |     3 |     4 |     4 |     4 |     3 ||    18
       Mephitic Cloud    |       |     2 |     7 |    10 |     1 ||    20
       Searing Ray       |       |       |    13 |   116 |    31 ||   160
       Sticky Flame      |       |       |       |     2 |     1 ||     3
       Fireball          |       |       |       |     3 |     5 ||     8
Invok: Channel Magic     |       |       |       |     5 |     2 ||     7
Evoke: Wand              |       |     7 |       |    14 |     1 ||    22
  Use: Scroll            |       |     8 |     5 |    14 |     4 ||    31
       Potion            |       |     9 |     4 |     2 |     4 ||    19
 Stab: Sleeping          |     8 |     8 |     4 |    11 |       ||    31
       Confused          |       |     4 |     6 |     9 |       ||    19
       Distracted        |       |       |     1 |     1 |       ||     2
Armor: Robe              |    19 |    19 |       |       |       ||    38
       Leather armour    |       |     2 |   137 |    35 |       ||   174
       Troll leather arm |       |       |       |   106 |    17 ||   123
Dodge: Dodged            |    51 |    59 |   319 |   534 |    96 ||  1059

Table legend: (Time is in decaauts)
 A = Elapsed time spent in this place.
 B = Non-inter-level travel time spent in this place.
 C = Inter-level travel time spent in this place.
 D = Time resting spent in this place.
 E = Time spent auto-exploring this place.
 F = Levels seen in this place.
 G = Mean time per level.
                   A        B        C        D        E       F      G
               +--------+--------+--------+--------+--------+-----+--------+
         Total |  19207 |  18567 |    640 |   4889 |   6809 |  17 | 1129.8 |
       Dungeon |  15433 |  14793 |    640 |   3151 |   6489 |  12 | 1286.1 |
        Temple |     23 |     23 |      0 |      0 |      0 |   1 |   23.0 |
  Orcish Mines |   2151 |   2151 |      0 |    754 |    249 |   2 | 1075.5 |
         Sewer |    760 |    760 |      0 |    542 |     48 |   1 |  760.0 |
       Volcano |    839 |    839 |      0 |    441 |     22 |   1 |  839.0 |
               +--------+--------+--------+--------+--------+-----+--------+

Top non-repeatable levels by time:
     D:7: 2250 daAuts
     D:6: 1783 daAuts
   Orc:2: 1615 daAuts
     D:2: 1566 daAuts
    D:10: 1541 daAuts
     D:5: 1490 daAuts
     D:9: 1467 daAuts
     D:1: 1221 daAuts
     D:8: 1208 daAuts
     D:4: 1048 daAuts
    D:12: 865 daAuts
 Volcano: 839 daAuts
   Sewer: 760 daAuts
     D:3: 662 daAuts
   Orc:1: 536 daAuts
